 Dungeon Crawl Stone Soup version 0.20.2-3-g29329e0561 (webtiles) character file.

111 Alfie the Shield-Bearer (level 4, -1/40 HPs)
             Began as a Hill Orc Fighter on Sept 18, 2023.
             Slain by a big kobold
             ... wielding a cursed -1 club
              (3 damage)
             ... on level 3 of the Dungeon.
             The game lasted 00:05:00 (1678 turns).

Alfie the Shield-Bearer (Hill Orc Fighter)          Turns: 1678, Time: 00:05:01

Health: -1/40      AC:  8    Str: 19    XL:     4   Next: 92%
Magic:  4/4        EV:  9    Int:  8    God:
Gold:   72         SH:  9    Dex: 10    Spells: 3/3 levels left

rFire    . . .     SeeInvis .   a - +0 rapier
rCold    . . .     Gourm    .   c - +0 shield
rNeg     . . .     Faith    .   b - +0 scale mail
rPois    .         Spirit   .   (no helmet)
rElec    .         Reflect  .   (no cloak)
rCorr    .         Harm     .   (no gloves)
MR       .....                  (no boots)
Stlth    ..........             (no amulet)
Regen    0.2/turn               g - +1 ring of protection
MPRegen  0.1/turn               k - +2 ring of evasion

@: no status effects
A: no striking features
a: no special abilities


You were on level 3 of the Dungeon.
You were not hungry.

You visited 1 branch of the dungeon, and saw 3 of its levels.

You collected 72 gold pieces.

Inventory:

Hand Weapons
 a - a +0 rapier (weapon)
Armour
 b - a +0 scale mail (worn)
 c - a +0 shield (worn)
Jewellery
 g - a +1 ring of protection (left hand)
 k - a +2 ring of evasion (right hand)
 o - an uncursed ring of fire
 r - a cursed amulet of inaccuracy {unknown}
Scrolls
 m - 3 scrolls of remove curse {unknown}
 n - a scroll of fog {unknown}
 p - a scroll of amnesia {unknown}
 s - a scroll of enchant armour {unknown}
Potions
 d - a potion of might
 e - 2 potions of heal wounds {unknown}
 h - 2 potions of flight {unknown}
 i - a potion of lignification {unknown}
 q - a potion of berserk rage {unknown}
Comestibles
 f - a bread ration
 l - a meat ration


   Skills:
 + Level 4.1 Fighting
 + Level 3.0 Short Blades
 + Level 4.1 Armour
 + Level 0.4 Dodging
 + Level 4.2 Shields


You had 3 spell levels left.
You didn't know any spells.

Dungeon Overview and Level Annotations

Branches:
Dungeon (3/15)

Altars:


Message History

The kobold hits you.
* * * LOW HITPOINT WARNING * * *
You hit the kobold.
The kobold is severely wounded.
You block the big kobold's attack.
The gnoll hits you from afar with a spear!
* * * LOW HITPOINT WARNING * * *
The kobold barely misses you.
You hit the kobold.
You kill the kobold!
You block the gnoll's attack.
The big kobold hits you but does no damage.
You closely miss the hobgoblin. The gnoll hits you but does no damage.
You block the big kobold's attack. You block the hobgoblin's attack.
The gnoll barely misses you.
You hit the hobgoblin.
You kill the hobgoblin!
Your Short Blades skill increases to level 3!
The big kobold hits you with a club.
You die...

≈≈≈≈≈≈≈≈≈≈≈≈≈
≈≈≈≈≈≈≈≈≈≈≈≈≈
###############
#......## ##...
#.......###....
#+##........#.....
#...........#.....
#...........'†)...
#@K.((((((.(#.....
#)##.(......#.....
KKg#.......###....
#$g$#......##
##... #$$$########
#### #####


You could see a big kobold, 2 gnolls and 2 kobolds.

Vanquished Creatures
  4 adders
  3 worms (D:2)
  A dart slug (D:1)
  2 leopard geckos (D:2)
  2 orcs (D:3)
  4 goblins
  7 hobgoblins
  2 jackals (D:2)
  16 kobolds
  2 ball pythons
  8 bats
  3 frilled lizards
  8 rats
62 creatures vanquished.

Notes
Turn   | Place    | Note
-------+----------+-------------------------------------------
     0 | D:1      | Alfie the Hill Orc Fighter began the quest for the Orb.
     0 | D:1      | Reached XP level 1. HP: 19/19 MP: 1/1
    68 | D:1      | Reached XP level 2. HP: 27/27 MP: 2/2
   627 | D:2      | Reached XP level 3. HP: 25/33 MP: 3/3
   846 | D:2      | Reached XP level 4. HP: 23/40 MP: 4/4
  1659 | D:3      | Noticed a big kobold
  1675 | D:3      | HP: 2/40 [gnoll/spear (7)]
  1678 | D:3      | Slain by a big kobold

Skill      XL: |  1  2  3  4 |
---------------+-------------+-----
Fighting       | 4 |  4.1
Shields        | 4 |  4.2
Armour         | 4 |  4.1
Short Blades   | 3 |  3.0
Dodging        | |  0.4

Action                   |  1- 3 |  4- 6 || total
-------------------------+-------+-------++-------
Melee: Rapier            |   139 |   104 ||   243
  Use: Scroll            |     2 |     1 ||     3
       Potion            |       |     2 ||     2
  Eat: Bread ration      |       |     1 ||     1
Armor: Scale mail        |    73 |    66 ||   139
Dodge: Dodged            |    56 |    64 ||   120
Block: Shield            |    77 |    95 ||   172
